 Dungeon Crawl Stone Soup version 0.27-a0-860-gaf99fae3ca (webtiles) character file.

Game seed: 3239469287934912630

9191 shoop the Changer (level 11, -11/118 HPs)
             Began as a Demigod Transmuter on Apr 1, 2021.
             Mangled by a two-headed ogre
             ... wielding a +0 giant club
              (29 damage)
             ... on level 10 of the Dungeon on Apr 2, 2021.
             The game lasted 00:42:59 (14982 turns).

shoop the Changer (Demigod Transmuter)             Turns: 14982, Time: 00:43:00

Health: -11/118    AC:  8    Str: 15    XL:     11   Next: 0%
Magic:  17/22      EV: 10    Int: 29    God:
Gold:   145        SH:  0    Dex: 14    Spells: 8/19 levels left

rFire    . . .     SeeInvis .     - Unarmed
rCold    . . .     Faith    .   (shield currently unavailable)
rNeg     . . .     Spirit   .   (armour currently unavailable)
rPois    +         Reflect  .   (helmet currently unavailable)
rElec    .         Harm     .   (cloak currently unavailable)
rCorr    .         Rampage  .   (gloves currently unavailable)
Will     ++...                  (boots currently unavailable)
Stlth    ++........             (no amulet)
HPRegen  0.29/turn              I - ring of willpower
MPRegen  0.18/turn              M - +6 ring of intelligence

@: hydra-form
A: fast swimmer, devour, amphibious, boosted hp, very large, high mp 1, forlorn
a: End Transformation


You were on level 10 of the Dungeon.
You were a five-headed hydra.
You visited 1 branch of the dungeon, and saw 10 of its levels.
You also visited: Sewer.

You collected 662 gold pieces.
You spent 517 gold pieces at shops.

Inventory:

Hand Weapons
 j - a +0 short sword of electrocution (melded)
 y - a +0 fustibalus
Missiles
 e - 53 poisoned darts (quivered)
 k - a curare-tipped dart
 D - 36 sling bullets
Armour
 a - a +1 robe
 b - a +2 robe of positive energy (melded)
 g - a +0 pair of gloves (melded)
 l - a +0 chain mail
 n - a +0 helmet (melded)
 p - a +2 cloak (melded)
 B - a +0 pair of boots (melded)
 X - +0 acid dragon scales
Jewellery
 f - a ring of resist corrosion
 x - a ring of protection from fire
 I - a ring of willpower (left foreclaw)
 M - a +6 ring of intelligence (right foreclaw)
 Q - a +6 ring of strength
 R - a ring of magical power
Wands
 h - a wand of paralysis (9)
 m - a wand of flame (77)
 O - a wand of polymorph (9)
 V - a wand of digging (2)
Scrolls
 c - 3 scrolls of noise {unknown}
 i - 4 scrolls of enchant armour
 o - 4 scrolls of teleportation
 q - 2 scrolls of vulnerability {unknown}
 s - a scroll of holy word
 t - 2 scrolls of enchant weapon
 u - a scroll of fog
 C - a scroll of immolation
 F - a scroll of magic mapping {unknown}
 G - a scroll of brand weapon {unknown}
 H - 2 scrolls of torment {unknown}
 J - 2 scrolls of fear {unknown}
 L - a scroll of silence {unknown}
Potions
 d - 3 potions of mutation
 r - 2 potions of heal wounds
 v - 3 potions of haste
 w - 3 potions of lignification
 z - 3 potions of flight
 A - 2 potions of degeneration {unknown}
 E - 4 potions of curing
 K - a potion of berserk rage
 N - a potion of brilliance
 P - a potion of magic
 S - a potion of cancellation
 T - a potion of resistance
 U - a potion of attraction
 Y - a potion of might {unknown}
Miscellaneous
 W - a lightning rod (4/4)


   Skills:
 - Level 6.5 Fighting
 - Level 5.0 Short Blades
 - Level 1.0 Throwing
 - Level 6.0 Dodging
 - Level 3.0 Stealth
 * Level 5.8 Unarmed Combat
 + Level 4.9 Spellcasting
 - Level 2.0 Conjurations
 - Level 3.0 Translocations
 * Level 7.8 Transmutations
 - Level 3.0 Air Magic
 - Level 2.0 Poison Magic
 + Level 1.7 Evocations


You had 8 spell levels left.
You knew the following spells:

 Your Spells              Type           Power      Damage    Failure   Level
a - Beastly Appendage     Tmut           100%       N/A       1%          1
b - Blink                 Tloc           N/A        N/A       2%          2
c - Mephitic Cloud        Conj/Pois/Air  20%        N/A       8%          3
d - Hydra Form            Tmut           25%        N/A       7%          5

Your spell library contained the following spells:

 Spells                   Type           Power      Damage    Failure   Level
 Wereblood                Tmut           51%        N/A       1%          2
 Magic Dart               Conj           72%        1d6       2%          1
 Spider Form              Tmut/Pois      17%        N/A       2%          3
 Corona                   Hex            7%         N/A       6%          1
 Freeze                   Ice            28%        1d5       6%          1
 Call Imp                 Summ           7%         N/A       10%         2
 Ensorcelled Hibernation  Hex/Ice        14%        N/A       10%         2
 Slow                     Hex            7%         N/A       10%         2
 Conjure Flame            Conj/Fire      13%        6-21      13%         3
 Dazzling Flash           Conj/Hex       26%        N/A       13%         3
 Ice Form                 Ice/Tmut       29%        N/A       13%         4
 Confusing Touch          Hex            7%         N/A       19%         3
 Frozen Ramparts          Ice            14%        1d3       19%         3
 Ozocubu's Armour         Ice            7%         N/A       19%         3
 Tukima's Dance           Hex            7%         N/A       19%         3
 Hailstorm                Conj/Ice       13%        3d5       38%         4
 Summon Ice Beast         Ice/Summ       7%         N/A       54%         4


Dungeon Overview and Level Annotations

Branches:
Dungeon (10/15)            Temple (0/1) D:4           Sewer (visited)
   Lair: D:8-11         Orc: D:9-12

Shops:
D:10 !

Annotations:
D:6 exclusion: door
D:10 5 runed translucent doors, JPVeigar's ghost, journeyman TrMo


Innate Abilities, Weirdness & Mutations

You are a five-headed hydra.
You swim very quickly.
You can devour living enemies to heal.
You are amphibious.
Your maximum health is greatly increased.
Your armour is entirely melded.
You are incapable of wielding weapons or throwing items.
Your attributes grow dramatically as you level up.
You have an increased reservoir of magic. (+10% MP)
You shall have no god before yourself.


Message History

Your +0 pair of boots melds into your body.
Your +2 robe of positive energy melds into your body.
Your +0 short sword of electrocution stops crackling.
You feel less protected from negative energy.
The acid dragon spits acid at you. The splash of acid hits you!
You are splashed with acid!
You hear two shouts!
You nip at the acid dragon.
The acid dragon is moderately wounded.
The acid dragon bites you but does no damage.
The acid dragon claws you but does no damage.
You nip at the acid dragon.
The acid dragon is heavily wounded.
The acid dragon barely misses you.
The acid dragon claws you but does no damage.
You bite the acid dragon!
You devour the acid dragon!
You feel better.
You kill the acid dragon!
You have reached level 11!
A two-headed ogre opens the door.
An orc warrior comes into view. It is wielding a +0 scimitar.
A shadow comes into view.
The two-headed ogre hits you with a +0 giant club!! x2
The orc warrior shouts!
There is an open door, spattered with blood here.
You nip at the two-headed ogre but do no damage.
The two-headed ogre hits you with a +0 giant club.
The two-headed ogre hits you with a +0 giant club!
You nip at the two-headed ogre.
The two-headed ogre is lightly wounded.
You gouge the two-headed ogre!!
The two-headed ogre is moderately wounded.
You nip at the orc warrior.
The two-headed ogre closely misses you.
The two-headed ogre hits you with a +0 giant club!
* * * LOW HITPOINT WARNING * * *
The orc warrior hits you with a +0 scimitar!
* * * LOW HITPOINT WARNING * * *
You gouge the two-headed ogre!!
The two-headed ogre is severely wounded.
The two-headed ogre hits you with a +0 giant club!!
You die...

#..# ##...####..### #..[.#
#.## ##....# ##...###....#
#.## ###.....## ##.......... #
##..# #.###....## ##.........
###...#
##...###...####......##.
>.....### ....W
#.....##.....####
..(.....##..#..###..........##
#
#.....###.....oO.###........#
##...## #+#...##D..#........#
#...# ### #...##.......## #
#...# ###.'........## # #..##
###.........## # #..#
###........## # ##.##
###.......### ...# ###........
..## ####..... .## ##....


You could see a two-headed ogre, an orc warrior and a shadow.

Vanquished Creatures
  Josephine (D:10)
  Erolcha (D:9)
  Erica (D:10)
  Maggie (D:10)
  A queen bee (D:8)
  4 wraiths (D:10)
  A shadow (D:10)
  4 yaks
  2 wyverns (D:10)
  Eustachio (D:5)
  A steam dragon (D:8)
  Menkaure (D:7)
  An acid dragon (D:10)
  2 water moccasins
  3 ice beasts (D:7)
  6 orc warriors
  4 sky beasts
  An ogre (D:6)
  A centaur (D:8)
  2 kobold brigands
  Blork the orc (D:4)
  4 bullfrogs
  2 scorpions
  A water moccasin skeleton (D:5)
  15 killer bees
  4 wights (D:9)
  5 howler monkeys
  A centaur zombie (D:10)
  2 bullfrog zombies
  A centaur skeleton (D:6)
  8 orc priests
  A gnoll shaman (D:5)
  2 hounds
  Crazy Yiuf (D:2)
  A bullfrog skeleton (D:6)
  2 jellies
  3 iguanas
  21 orc wizards
  Natasha (thrice) (D:3)
  Robin (D:2)
  5 gnolls
  2 howler monkey skeletons
  4 adders
  A white imp (D:6)
  An ufetubus (D:4)
  2 worms
  3 dart slugs
  50 orcs
  7 ball pythons
  6 endoplasms
  2 giant cockroaches
  14 goblins
  6 hobgoblins
  4 jackals
  19 kobolds
  2 quokkas
  8 bats
  A frilled lizard (D:2)
  6 rats
261 creatures vanquished.

Vanquished Creatures (collateral kills)
  2 killer bees
2 creatures vanquished.

Vanquished Creatures (others)
  2 killer bees
  16 plants
18 creatures vanquished.

Grand Total: 281 creatures vanquished

Notes
Turn   | Place    | Note
-------+----------+-------------------------------------------
     0 | D:1      | shoop the Demigod Transmuter began the quest for the Orb.
     0 | D:1      | Reached XP level 1. HP: 15/15 MP: 5/5
   210 | D:1      | Reached XP level 2. HP: 22/22 MP: 7/7
   395 | D:1      | Reached skill level 1 in Stealth
   408 | D:1      | Learned a level 2 spell: Blink
  1485 | D:2      | Reached skill level 1 in Translocations
  1485 | D:2      | Reached XP level 3. HP: 25/27 MP: 8/8
  1542 | D:2      | Noticed Robin
  1544 | D:2      | Reached skill level 1 in Short Blades
  1551 | D:2      | Killed Robin
  2008 | D:2      | Found a runed translucent door.
  2009 | D:2      | Noticed Crazy Yiuf
  2015 | D:2      | Killed Crazy Yiuf
  2016 | D:2      | Reached XP level 4. HP: 19/34 MP: 7/9
  2595 | D:3      | Noticed Natasha
  2603 | D:3      | Killed Natasha
  2706 | D:3      | Noticed Natasha
  2719 | D:3      | Killed Natasha
  2761 | D:3      | Reached XP level 5. HP: 33/39 MP: 8/10
  2928 | D:3      | HP: 1/58 [kobold brigand/+0 whip (6)]
  3306 | D:3      | Noticed Natasha
  3316 | D:3      | Killed Natasha
  3731 | D:4      | Noticed Blork the orc
  3754 | D:4      | Killed Blork the orc
  3755 | D:4      | Reached skill level 1 in Fighting
  3755 | D:4      | Reached XP level 6. HP: 16/47 MP: 11/11
  4005 | D:4      | Reached skill level 1 in Throwing
  4072 | D:4      | Reached skill level 5 in Short Blades
  4432 | D:4      | Reached skill level 1 in Evocations
  4432 | D:4      | Reached XP level 7. HP: 37/57 MP: 12/12
  4581 | D:4      | Found a staircase to the Ecumenical Temple.
  4853 | D:5      | Entered Level 5 of the Dungeon
  4860 | D:4      | Learned a level 3 spell: Mephitic Cloud
  4887 | D:5      | Found a glowing drain.
  4918 | Sewer    | Entered a sewer
  5034 | Sewer    | Reached skill level 1 in Conjurations
  5034 | Sewer    | Reached skill level 1 in Poison Magic
  5111 | D:5      | Noticed Eustachio
  5185 | D:4      | Reached skill level 1 in Air Magic
  5540 | D:5      | Killed Eustachio
  6162 | D:5      | Reached XP level 8. HP: 36/63 MP: 3/13
  7230 | D:6      | Reached skill level 2 in Transmutations
  7472 | D:6      | Reached skill level 3 in Transmutations
  8034 | D:7      | Reached skill level 4 in Transmutations
  8226 | D:7      | Noticed Menkaure
  8240 | D:7      | Killed Menkaure
  8241 | D:7      | Reached XP level 9. HP: 17/72 MP: 16/16
  9341 | D:7      | Reached skill level 5 in Fighting
  9783 | D:8      | Reached skill level 5 in Dodging
 10981 | D:9      | Reached skill level 5 in Transmutations
 11167 | D:8      | Learned a level 5 spell: Hydra Form
 11691 | D:9      | Reached XP level 10. HP: 77/81 MP: 14/18
 12299 | D:9      | Noticed Erolcha
 12842 | D:9      | Killed Erolcha
 12843 | D:9      | Reached skill level 6 in Transmutations
 13453 | D:10     | Entered Level 10 of the Dungeon
 13482 | D:10     | Found Fuqilahe's Distillery.
 13490 | D:10     | Bought a potion of heal wounds for 55 gold pieces
 13490 | D:10     | Bought a potion of cancellation for 88 gold pieces
 13490 | D:10     | Bought a potion of resistance for 110 gold pieces
 13490 | D:10     | Bought a potion of mutation for 88 gold pieces
 13490 | D:10     | Bought a potion of haste for 110 gold pieces
 13490 | D:10     | Bought a potion of attraction for 33 gold pieces
 13490 | D:10     | Bought a potion of flight for 33 gold pieces
 13525 | D:10     | Found a large runed translucent door.
 13530 | D:10     | Found a large runed translucent door.
 13553 | D:10     | Noticed Josephine
 13571 | D:10     | Killed Josephine
 13572 | D:10     | Reached skill level 5 in Unarmed Combat
 13572 | D:10     | Reached skill level 7 in Transmutations
 13891 | D:10     | Noticed Maggie
 13904 | D:10     | Killed Maggie
 14589 | D:10     | Noticed Erica
 14596 | D:10     | Killed Erica
 14848 | D:10     | Found a runed translucent gate.
 14848 | D:10     | Found a runed translucent gate.
 14848 | D:10     | Found a runed translucent gate.
 14851 | D:10     | Noticed JPVeigar's ghost (journeyman TrMo)
 14851 | D:10     | Noticed a 12-headed hydra
 14852 | D:10     | Noticed a ten-headed hydra
 14975 | D:10     | Reached XP level 11. HP: 91/91 MP: 16/22
 14977 | D:10     | Noticed a two-headed ogre
 14982 | D:10     | Mangled by a two-headed ogre

Illustrated notes

Levels and vault maps discovered:
D:1:      sevenhm_arrival_forest_fort_small_4, layout_basic, serial_curves,
          eino_curves_02, eino_curves_03, eino_curves_01, eino_curves_04,
          minivault_27, grunt_decor_mini_mirrors
D:2:      layout_basic, uniq_robin, uniq_crazy_yiuf_cottage
D:3:      layout_loops_ring, grunt_temple_overflow_bloody_war,
          ebering_ecumenical_altar_mist, minmay_cut_off, uniq_natasha
D:4:      layout_rooms, minmay_temple_entry_poolview, uniq_blork_the_orc
D:5:      layout_rooms, cheibrodos_sewer_entry_drain, uniq_eustachio
D:6:      layout_basic, nicolae_ru_great_annihilating_truth,
          gammafunk_temple_overflow_claw, gammafunk_temple_overflow_elements
D:7:      layout_cave_pods, uniq_menkaure
D:8:      layout_basic, serial_park_tiny_2, nicolae_looking_at_the_future
D:9:      layout_basic, amcnicky_altar_gilded, kennysheep_generic_room_14,
          uniq_erolcha
D:10:     minmay_slanted_spiral_squares, layout_layer_cave,
          grunt_temple_overflow_lords_of_destruction, jmf_multi_god_temple2,
          serial_shops, shop, gammafunk_ghost_hydra_chop, uniq_maggie,
          uniq_josephine, uniq_erica

Skill      XL: |  1  2  3  4  5  6  7  8  9 10 |
---------------+-------------------------------+-----
Unarmed Combat | 3 5 |  5.8
Stealth        | 1 3 |  3.0
Translocations | 1 2 3 |  3.0
Short Blades   | 2 3 4 5 |  5.0
Fighting       | 1 3 4 6 |  6.5
Throwing       | 1 |  1.0
Dodging        | 2 3 6 |  6.0
Evocations     | 1 |  1.7
Conjurations   | 2 |  2.0
Poison Magic   | 2 |  2.0
Air Magic      | 2 3 |  3.0
Spellcasting   | 3 4 |  4.9
Transmutations | 4 5 7 |  7.8

Action                   |  1- 3 |  4- 6 |  7- 9 | 10-12 || total
-------------------------+-------+-------+-------+-------++-------
Melee: Unarmed           |    26 |       |    21 |    76 ||   123
       Kick              |    12 |     3 |    19 |       ||    34
       Headbutt          |     1 |     1 |    13 |       ||    15
       Short sword       |    45 |   169 |   475 |    75 ||   764
       Punch             |     2 |     1 |     4 |       ||     7
Throw: Dart              |     7 |    15 |    86 |     2 ||   110
 Cast: Beastly Appendage |    13 |     5 |    10 |       ||    28
       Mephitic Cloud    |       |       |    43 |    18 ||    61
       Blink             |       |       |     5 |       ||     5
       Hydra Form        |       |       |     2 |    10 ||    12
Evoke: Wand              |       |       |     2 |     2 ||     4
  Use: Potion            |       |     3 |     1 |       ||     4
       Scroll            |       |       |       |    11 ||    11
 Stab: Sleeping          |     1 |     2 |     5 |       ||     8
       Confused          |       |       |    20 |     8 ||    28
       Paralysed         |       |       |     1 |       ||     1
Armor: Robe              |    19 |    46 |   156 |    23 ||   244
       Skin              |       |     5 |     2 |     7 ||    14
Dodge: Dodged            |    41 |    57 |   267 |    58 ||   423

Table legend: (Time is in decaauts)
 A = Elapsed time spent in this place.
 B = Non-inter-level travel time spent in this place.
 C = Inter-level travel time spent in this place.
 D = Time resting spent in this place.
 E = Time spent auto-exploring this place.
 F = Levels seen in this place.
 G = Mean time per level.
                   A        B        C        D        E       F      G
               +--------+--------+--------+--------+--------+-----+--------+
         Total |  14942 |  14409 |    533 |   2557 |   9409 |  11 | 1358.4 |
       Dungeon |  14749 |  14216 |    533 |   2553 |   9312 |  10 | 1474.9 |
         Sewer |    192 |    192 |      0 |      3 |     96 |   1 |  192.0 |
               +--------+--------+--------+--------+--------+-----+--------+

Top non-repeatable levels by time:
     D:9: 2249 daAuts
     D:4: 1671 daAuts
     D:6: 1596 daAuts
    D:10: 1537 daAuts
     D:8: 1525 daAuts
     D:2: 1516 daAuts
     D:7: 1480 daAuts
     D:3: 1210 daAuts
     D:1: 1019 daAuts
     D:5: 941 daAuts
   Sewer: 192 daAuts
